AoeStats
← 297539664

Black Forest

509406154Analyzed
4v4 RM · 6d ago on Sep 26, 2026· 46m 8s· 8 players
Game mode
Random Map
Map size
Large (8 player)
Population
200
Speed
Normal
Resources
Standard
Victory
Conquest
Starting age
Dark Age
Ending age
Imperial Age
RankedLock teamsTeams togetherTeam positionsShared explorationLock speedFull tech treeHidden civsTurbo modeCheats
Victory
Defeat
🇸🇪 Dravidians · Sweden
1497
+12
🇮🇳 Saracens · India
1467
+13
🇸🇪 Berbers · Sweden
1436
+14
🇨🇳 Khmer · China
1406
+15
🇺🇸 Ethiopians · United States
1424
-15
🇷🇺 Khmer · Russia
1410
-14
🇵🇪 Franks · Peru
1394
-13
🇧🇷 Spanish · Brazil
1358
-12
Ak-guy
12:13 Feudal Age
15:52 Castle Age
14:06 Double-Bit Axe
15:15 Fishing Lines
16:48 Bow Saw
17:16 Demolition Ship
20:25 Wheelbarrow
20:37 Gillnets
22:27 Pikeman
24:14 Horse Collar
25:31 Hand Cart
26:03 Squires
26:05 Scale Mail Armor
26:33 Gold Mining
27:28 Loom
31:46 Imperial Age
30:23 Fletching
30:36 Padded Archer Armor
30:57 Ballistics
31:37 Thumb Ring
31:29 Bodkin Arrow
32:34 Chain Mail Armor
32:30 Forging
34:02 Chemistry
34:08 Two-Man Saw
33:08 Heavy Plow
32:48 Halberdier
34:08 Coinage
34:48 Conscription
34:57 Caravan
35:29 Elite Elephant Archer
36:41 Plate Mail Armor
36:17 Bracer
37:08 Leather Archer Armor
37:24 Plate Mail Armor
37:30 Iron Casting
37:07 Masonry
38:30 Medical Corps
38:49 Wootz Steel
39:00 Ring Archer Armor
39:47 Banking
39:27 Guilds
40:46 Hoardings
42:15 Blast Furnace
46:01 Stone Mining
RFR_im_no_pro
1:08 Loom
12:04 Feudal Age
18:11 Castle Age
18:41 Double-Bit Axe
19:49 Bow Saw
19:33 Horse Collar
26:21 Fletching
27:18 Fishing Lines
28:50 Wheelbarrow
28:29 Heavy Plow
33:12 Imperial Age
31:12 Gillnets
31:15 Gold Mining
31:16 Stone Mining
31:46 Padded Archer Armor
32:27 Hand Cart
33:14 Gold Shaft Mining
33:19 Bodkin Arrow
33:41 Masonry
34:06 Bracer
35:07 Chemistry
37:21 Ballistics
38:45 Elite Camel Archer
39:28 Maghrebi Camels
39:42 Thumb Ring
40:09 Husbandry
40:20 Treadmill Crane
41:21 Conscription
42:13 Town Watch
43:30 Leather Archer Armor
NUR
4:02 Loom
11:39 Feudal Age
15:19 Castle Age
13:30 Horse Collar
13:56 Double-Bit Axe
16:13 Wheelbarrow
17:06 Bow Saw
24:46 Gold Mining
25:52 Hand Cart
25:59 Heavy Plow
33:28 Imperial Age
31:29 Fletching
31:46 Town Watch
33:01 Forging
32:56 Scale Barding Armor
33:15 Ballistics
33:08 Masonry
33:29 Bodkin Arrow
36:37 Hoardings
35:53 Elite Mameluke
37:55 Conscription
38:17 Iron Casting
38:02 Chain Barding Armor
39:49 Gold Shaft Mining
39:05 Stone Mining
39:18 Town Patrol
40:21 Hoardings
40:59 Blast Furnace
40:34 Plate Barding Armor
40:00 Bracer
41:06 Chemistry
41:03 Coinage
41:45 Two-Man Saw
41:42 Hoardings
43:37 Counterweights
43:38 Bimaristan
44:42 Padded Archer Armor
46:12 Leather Archer Armor
297539664
1:19 Loom
12:32 Feudal Age
16:00 Castle Age
14:19 Double-Bit Axe
17:12 Bow Saw
17:49 Horse Collar
24:29 Heavy Plow
25:14 Wheelbarrow
24:44 Gold Mining
26:20 Gold Shaft Mining
25:39 Stone Mining
29:18 Imperial Age
27:24 Scale Barding Armor
27:29 Forging
27:56 Tusk Swords
28:39 Stone Shaft Mining
28:46 Chain Barding Armor
30:00 Ballistics
30:34 Iron Casting
30:50 Conscription
31:23 Hand Cart
30:55 Elite Ballista Elephant
33:20 Plate Barding Armor
33:45 Blast Furnace
34:14 Chemistry
33:37 Double Crossbow
41:35 Blast Furnace
40:50 Siege Engineers
40:50 Caravan
Welldone
11:13 Feudal Age
11:44 Horse Collar
16:32 Castle Age
15:37 Double-Bit Axe
16:14 Bloodlines
16:25 Gold Mining
19:43 Heavy Plow
21:13 Bow Saw
21:23 Forging
23:20 Iron Casting
25:48 Scale Barding Armor
25:51 Husbandry
27:13 Wheelbarrow
33:43 Imperial Age
31:02 Loom
32:05 Gold Shaft Mining
34:26 Chain Barding Armor
35:00 Elite Battle Elephant
36:49 Plate Barding Armor
36:27 Light Cavalry
39:00 Blast Furnace
40:44 Tusk Swords
41:55 Conscription
N3mu
0:45 Loom
12:06 Feudal Age
12:16 Man-at-Arms
12:44 Double-Bit Axe
22:29 Castle Age
20:52 Gold Mining
22:17 Fletching
22:41 Horse Collar
23:20 Bodkin Arrow
30:58 Imperial Age
29:37 Ballistics
29:39 Padded Archer Armor
30:03 Crossbowman
32:58 Bracer
35:09 Bow Saw
36:25 Leather Archer Armor
36:55 Leather Archer Armor
38:21 Ring Archer Armor
41:53 Chemistry
Dunha
0:36 Loom
12:04 Feudal Age
17:24 Castle Age
15:20 Double-Bit Axe
15:58 Gold Mining
15:54 Horse Collar
24:12 Husbandry
25:27 Bloodlines
25:25 Padded Archer Armor
26:57 Leather Archer Armor
33:37 Wheelbarrow
aq.gjoel
3:37 Loom
12:28 Feudal Age
16:53 Castle Age
15:36 Double-Bit Axe
17:46 Bow Saw
18:42 Fishing Lines
20:56 Wheelbarrow
20:51 Gillnets
24:27 Hand Cart
23:59 Town Watch
28:34 Imperial Age
26:52 Town Patrol
27:32 Gold Mining
27:54 Forging
27:50 Scale Barding Armor
28:17 Husbandry
29:19 Gold Shaft Mining
29:21 Iron Casting
28:42 Cavalier
29:57 Chain Barding Armor
30:35 Conscription
31:46 Blast Furnace
31:17 Caravan
31:42 Light Cavalry
34:14 Plate Barding Armor
34:07 Fletching
35:03 Paladin
37:37 Bodkin Arrow
41:42 Chemistry
Connection lost

Rejoining the realm…

Still unreachable

The connection could not be restored.

Session expired

The server has moved on; the page needs a fresh start.